 Dungeon Crawl Stone Soup version 0.28-a0-850-g09de17f5b5 (webtiles) character file.

Game seed: 120526118003855037

60529 senseless the Warrior (level 14, 0/121 (136) HPs)
             Began as a Minotaur Fighter on Nov 13, 2021.
             Was the Champion of Cheibriados.
             Slain by Rupert (7 damage)
             ... on level 3 of the Lair of Beasts.
             The game lasted 01:06:52 (18416 turns).

senseless the Warrior (Minotaur Fighter)           Turns: 18416, Time: 01:06:54

HP:   0/121 (136)   AC: 26    Str: 38    XL:     14   Next: 57%
MP:   19/19         EV: 16    Int: 25    God:    Cheibriados [******]
Gold: 934           SH: 18    Dex: 26    Spells: 12/13 levels left

rFire   x . .      SeeInvis +   F - +12 mace "Qafutubb" {flame, rElec Int+5}
rCold   + . .      Faith    .   e - +0 kite shield
rNeg    + . .      Spirit   .   L - +2 storm dragon scales
rPois   +          Reflect  +   (helmet restricted)
rElec   +          Harm     .   W - +0 cloak
rCorr   +          Rampage  .   x - +0 pair of gloves
Will    ++...                   J - +2 pair of boots
Stlth   ..........              T - amulet "Adogeafo" {Reflect rElec Dex-5 Slay+6 SH+5 Stlth-}
HPRegen 0.30/turn               Z - ring "Udwet" {rCorr Dex+6 SInv}
MPRegen 0.16/turn               G - ring of Surghaet {Ice rPois rN+ Will+ Str-3}

@: heavily drained, very slow
A: horns 2, retaliatory headbutt
a: Renounce Religion, Bend Time, Temporal Distortion, Slouch, Step From Time


You were on level 3 of the Lair of Beasts.
You worshipped Cheibriados.
Cheibriados was exalted by your worship.
You visited 2 branches of the dungeon, and saw 18 of its levels.
You also visited: Sewer and Bailey.

You collected 1220 gold pieces.
You spent 286 gold pieces at shops.

Inventory:

Hand Weapons
 l - a +6 spectral flail
 F - the +12 mace "Qafutubb" (weapon) {flame, rElec Int+5}
   (You found it on level 7 of the Dungeon)

   It burns those it strikes, dealing additional fire damage.
   Int:       It affects your intelligence (+5).
   rElec:     It insulates you from electricity.
Missiles
 f - 4 javelins
 g - 2 silver boomerangs
 k - 55 boomerangs (quivered)
Armour
 e - a +0 kite shield (worn)
 s - a +5 ring mail of cold resistance
 x - a +0 pair of gloves (worn)
 J - a +2 pair of boots (worn)
 L - +2 storm dragon scales (worn)
 P - a +4 ring mail of willpower
 W - a +0 cloak (worn)
Jewellery
 a - the amulet "Momiamul" {Reflect *Slow +Blink Dex+4 SH+5}
   (You found it on level 4 of the Dungeon)

   [amulet of reflection]

   It reflects blocked missile attacks.
   Dex:       It affects your dexterity (+4).
   +Blink:    It lets you blink.
   *Slow:     It may slow you when you take damage.
   SH:        It affects your SH (+5).
 i - a ring of flight
 G - the ring of Surghaet (right hand) {Ice rPois rN+ Will+ Str-3}
   (You found it on level 8 of the Dungeon)

   [ring of ice]

   It enhances your ice magic.
   Str:       It affects your strength (-3).
   rF:        It makes you vulnerable to fire.
   rC:        It protects you from cold.
   rPois:     It protects you from poison.
   rN:        It protects you from negative energy.
   Will:      It increases your willpower.
 T - the amulet "Adogeafo" (around neck) {Reflect rElec Dex-5 Slay+6 SH+5 Stlth-}
   (You found it on level 11 of the Dungeon)

   [amulet of reflection]

   It reflects blocked missile attacks.
   Dex:       It affects your dexterity (-5).
   Slay:      It affects your accuracy & damage with ranged weapons and melee
   (+6).
   rElec:     It insulates you from electricity.
   SH:        It affects your SH (+5).
   Stlth:     It makes you less stealthy.
 Z - the ring "Udwet" (left hand) {rCorr Dex+6 SInv}
   (You found it on level 13 of the Dungeon)

   [ring of dexterity]

   Dex:       It affects your dexterity (+6).
   SInv:      It lets you see invisible.
   rCorr:     It protects you from acid and corrosion.
Wands
 r - a wand of acid (12)
 B - a wand of iceblast (23)
 D - a wand of flame (43)
 H - a wand of mindburst (62)
 K - a wand of digging (4)
 V - a wand of paralysis (13)
Scrolls
 j - a scroll of enchant weapon
 u - 4 scrolls of fog
 v - 3 scrolls of teleportation
 y - 3 scrolls of fear
 M - 2 scrolls of blinking
 N - 3 scrolls of magic mapping
Potions
 b - 2 potions of brilliance
 d - 3 potions of cancellation
 h - 3 potions of magic
 m - a potion of resistance {unknown}
 t - 3 potions of mutation
 z - 3 potions of might
 A - a potion of berserk rage
 E - 7 potions of curing
 I - a potion of attraction
 Q - 10 potions of ambrosia
 U - a potion of lignification
Miscellaneous
 c - a phantom mirror
 R - a lightning rod (4/4)
 S - a box of beasts


   Skills:
 * Level 15.8 Fighting
 - Level 3.3(9.5) Axes
 - Level 13.8(14.0) Maces & Flails
 * Level 15.6 Armour
 + Level 9.9 Dodging
 * Level 7.0 Shields
 * Level 8.6 Invocations
 + Level 5.3 Evocations


You had 12 spell levels left.
You knew the following spells:

 Your Spells              Type           Power      Damage    Failure   Level
a - Magic Dart            Conj           0%         1d3       67%         1

Your spell library contained the following spells:

 Spells                   Type           Power      Damage    Failure   Level
 Ensorcelled Hibernation  Hex/Ice        0%         N/A       82%         2
 Searing Ray              Conj           0%         2d4       82%         2
 Conjure Flame            Conj/Fire      0%         6-21      96%         3
 Frozen Ramparts          Ice            0%         1d2       96%         3
 Gell's Gravitas          Tloc           0%         N/A       96%         3
 Ignite Poison            Fire/Tmut/Pois 0%         N/A       96%         3
 Lesser Beckoning         Tloc           0%         N/A       96%         3
 Mephitic Cloud           Conj/Pois/Air  0%         N/A       96%         3
 Ozocubu's Armour         Ice            0%         N/A       96%         3
 Teleport Other           Tloc           0%         N/A       96%         3
 Tukima's Dance           Hex            0%         N/A       96%         3
 Fulminant Prism          Conj/Hex       0%         3d6       100%        4
 Hailstorm                Conj/Ice       0%         3d3       100%        4
 Ice Form                 Ice/Tmut       0%         N/A       100%        4
 Sticky Flame             Conj/Fire      0%         2d3       100%        4
 Summon Ice Beast         Ice/Summ       0%         N/A       100%        4
 Blade Hands              Tmut           0%         N/A       100%        5
 Freezing Cloud           Conj/Ice/Air   0%         6-21      100%        5
 Irradiate                Conj/Tmut      0%         3d13      100%        5
 Simulacrum               Ice/Necr       0%         N/A       100%        6
 Dragon Form              Tmut           0%         N/A       100%        7
 Ozocubu's Refrigeration  Ice            0%         4d5       100%        7


Dungeon Overview and Level Annotations

Branches:
Dungeon (14/15)            Temple (0/1) D:5            Lair (4/6) D:11
  Snake (0/4) Lair:3          Orc (0/2) D:12         Vaults (0/5) D:13
  Sewer (visited)          Bailey (visited)
  Swamp: Lair:2-4    Shoals: Lair:2-4

Altars:
Ashenzari
Cheibriados
Elyvilon
Fedhas
Gozag
Kikubaaqudgha
Nemelex Xobeh
Qazlal
Ru
Trog
Uskayaw
Wu Jian
Zin

Shops:
D:1 *   D:2 (   D:5 :   D:8 ((*

Annotations:
D:11 1 runed translucent door
Lair:3 Rupert


Innate Abilities, Weirdness & Mutations

You have a pair of horns on your head.
You reflexively headbutt those who attack you in melee.


Message History

You hear a trumpeting!
There is a stone staircase leading up here.
Rupert hits you with a +2 triple sword of draining!!
You partially resist.
You feel drained. You block the elephant's attack. x2
You climb upwards.
There is a stone staircase leading down here.
You sock the elephant! You burn the elephant.
The elephant is severely wounded.
You block Rupert's attack. You block the elephant's attack.
The elephant trunk-slaps you but does no damage.
You bludgeon the elephant!! You burn the elephant.
You kill the elephant!
Cheibriados thoroughly appreciates the change of pace.
Rupert closely misses you. You furiously retaliate!
You headbutt Rupert!
Rupert hits you with a +2 triple sword of draining!!
You partially resist.
You feel drained.
You hit Rupert. You burn Rupert. Your headbutt misses Rupert.
Rupert is moderately wounded.
You block Rupert's attack.
You hit Rupert. You burn Rupert. Your headbutt misses Rupert.
Rupert is heavily wounded.
You block Rupert's attack.
You hit Rupert but do no damage. You headbutt Rupert!
Rupert is heavily wounded.
Rupert barely misses you.
Rupert hits you with a +2 triple sword of draining!!
* * * LOW HITPOINT WARNING * * *
You partially resist.
You feel drained.
* * * LOW HITPOINT WARNING * * *
You feel much better. You block Rupert's attack.
You barely miss Rupert. Your headbutt misses Rupert.
Rupert is heavily wounded.
You block Rupert's attack.
You sock Rupert! You burn Rupert. Your headbutt misses Rupert.
Rupert is heavily wounded.
You block Rupert's attack.
Rupert hits you with a +2 triple sword of draining!!!
* * * LOW HITPOINT WARNING * * *
You partially resist.
You feel drained.
You die...

#P..#.....#..##.....####.
##........##..#.....#....
#............##...##..#.
#.P......##...##.##...##
#........#............+.
##.#.##.####.....#..##P#.
#..#..#.####....#.#.#####
##.......@......##.##...#
##..÷†.†@................
#....>†.<................
#P..÷÷...................
##.......................
##..................##P##
#.....#..........########
##.#....#.......######P#P
#..##......#.............
#P........##...........#.


You could see Rupert (berserk).

Vanquished Creatures
  3 hydras
  3 boulder beetles
  5 vault guards (D:13)
  2 catoblepae
  An ogre mage (D:13)
  2 centaur warriors (D:14)
  Erica (D:9)
  3 death yaks (D:11)
  A death knight (D:11)
  4 two-headed ogres
  A tengu warrior (D:14)
  An obsidian statue (D:13)
  An orange crystal statue (D:13)
  2 wizards
  2 deep elf pyromancers (D:11)
  2 orc knights
  2 lindwurms
  An ugly thing (D:13)
  A manticore (D:13)
  5 cyclopes
  4 black mambas
  4 elephants
  8 cane toads
  2 gargoyles
  2 unseen horrors
  7 komodo dragons
  3 rime drakes
  A tengu conjurer (D:14)
  A yaktaur (D:13)
  6 trolls
  6 meliai
  A merfolk (shapeshifter) (D:13)
  A wind drake (shapeshifter) (D:14)
  A queen bee (D:10)
  A hornet (D:9)
  10 blink frogs
  5 slime creatures
  5 dream sheep (Lair:1)
  A shadow (D:12)
  2 vampires
  4 wraiths
  34 yaks
  6 wyverns
  2 basilisks
  A human (D:13)
  8 vampire mosquitoes
  Menkaure (D:4)
  3 nagas (Lair:3)
  4 acid dragons
  18 water moccasins
  A hornet zombie (D:8)
  11 orc warriors
  2 sky beasts
  3 black bears
  2 necrophages
  An ogre (D:6)
  18 wolves (Lair:2)
  10 centaurs
  2 phantoms
  A kobold brigand (Sewer)
  17 bullfrogs
  A gnoll sergeant (D:8)
  4 scorpions
  Dowan (D:4)
  38 killer bees
  5 wights (D:8)
  An electric eel (Lair:1)
  2 vampire bats (D:9)
  7 centaur zombies
  A centaur skeleton (D:5)
  4 orc priests
  A hound (D:5)
  A bullfrog skeleton (D:6)
  3 iguanas
  Natasha (thrice) (D:4)
  12 orc wizards
  Ijyb (D:4)
  A killer bee zombie (D:9)
  Robin (D:4)
  22 gnolls
  2 howler monkey skeletons
  10 adders
  2 river rats
  A shadow imp (D:7)
  A white imp (D:6)
  An adder zombie (D:2)
  An adder skeleton (D:4)
  2 worms
  The ghost of TheNamelessOne the Sneak, a weakling OpDe (D:6)
  2 dart slugs
  35 orcs
  14 bats
  A bat skeleton (D:2)
  4 endoplasms
  11 giant cockroaches
  26 goblins
  17 hobgoblins
  7 quokkas
  9 ball pythons
  A ball python skeleton (D:2)
  4 ball python zombies (D:2)
  16 frilled lizards
  31 kobolds
  A quokka skeleton (D:2)
  8 rats
  A bush (Lair:1)
581 creatures vanquished.

Vanquished Creatures (others)
  7 bushes (Lair:1)
  13 fungi
  18 plants
  7 toadstools (Lair:1)
  A withered plant (D:2)
46 creatures vanquished.

Grand Total: 627 creatures vanquished

Notes
Turn   | Place    | Note
-------+----------+-------------------------------------------
     0 | D:1      | senseless the Minotaur Fighter began the quest for the Orb.
     0 | D:1      | Reached XP level 1. HP: 19/19 MP: 0/0
   161 | D:1      | Reached XP level 2. HP: 27/27 MP: 1/1
   429 | D:1      | Found Yfaamiog's General Store.
   576 | D:2      | Reached XP level 3. HP: 34/34 MP: 2/2
   727 | D:2      | Found Gycwixad's Antique Weapon Shoppe.
   860 | D:2      | Reached XP level 4. HP: 32/41 MP: 3/3
   863 | D:2      | Reached skill level 5 in Fighting
  1491 | D:3      | Reached skill level 1 in Maces & Flails
  1526 | D:3      | Found an ornate altar of the Wu Jian Council.
  1632 | D:3      | Reached XP level 5. HP: 34/48 MP: 4/4
  1945 | D:3      | Reached skill level 1 in Dodging
  2123 | D:4      | Reached skill level 5 in Armour
  2129 | D:4      | Identified the amulet "Momiamul" {Reflect *Slow +Blink
                  | Dex+4 SH+5}
  2159 | D:4      | Noticed Robin
  2162 | D:4      | Reached XP level 6. HP: 54/56 MP: 5/5
  2177 | D:4      | Killed Robin
  2205 | D:4      | Noticed Natasha
  2210 | D:4      | Killed Natasha
  2232 | D:4      | Noticed Natasha
  2237 | D:4      | Killed Natasha
  2240 | D:4      | Noticed Menkaure
  2247 | D:4      | HP: 1/57 [Menkaure (19)]
  2250 | D:4      | Killed Menkaure
  2555 | D:4      | Reached XP level 7. HP: 58/64 MP: 6/6
  2557 | D:4      | Noticed Natasha
  2562 | D:4      | Killed Natasha
  2924 | D:4      | Noticed Dowan
  2938 | D:4      | Killed Dowan
  3036 | D:4      | Noticed Ijyb
  3049 | D:4      | Killed Ijyb
  3542 | D:5      | Entered Level 5 of the Dungeon
  3553 | D:5      | Reached skill level 5 in Maces & Flails
  3584 | D:5      | Reached XP level 8. HP: 69/73 MP: 7/7
  3714 | D:5      | Found a glowing drain.
  3729 | Sewer    | Entered a sewer
  4034 | D:5      | Found Iwnes's Self-Improvement Boutique.
  4064 | D:5      | Found a snail-covered altar of Cheibriados.
  4154 | D:5      | Became a worshipper of Cheibriados the Contemplative
  4348 | D:5      | Found a sacrificial altar of Ru.
  4464 | D:5      | Found a staircase to the Ecumenical Temple.
  4724 | D:6      | Noticed TheNamelessOne's ghost (weakling OpDe)
  4727 | D:6      | Found a runed translucent door.
  4737 | D:6      | Killed TheNamelessOne's ghost
  4994 | D:6      | Reached * piety under Cheibriados
  5164 | D:7      | Reached XP level 9. HP: 77/82 MP: 8/8
  5224 | D:7      | Identified the +12 mace "Qafutubb" {flame, rElec Int+5}
  5224 | D:7      | Noticed a cyclops
  5232 | D:7      | Killed a cyclops
  5369 | D:7      | Found a sparkling altar of Nemelex Xobeh.
  5572 | D:8      | Found Dalozug's Weapon Shop.
  5575 | D:8      | Learned a level 1 spell: Magic Dart
  5622 | D:8      | Reached ** piety under Cheibriados
  5659 | D:8      | Found Keuphise's Antique Weapon Shop.
  5694 | D:8      | Reached skill level 5 in Dodging
  6062 | D:8      | Identified the ring of Surghaet {Ice rPois rN+ Will+ Str-3}
  6159 | D:8      | Reached skill level 10 in Fighting
  6290 | D:8      | Found a hide-covered altar of Uskayaw.
  6291 | D:8      | Found a broken altar of Ashenzari.
  6292 | D:8      | Found a bloodstained altar of Trog.
  6293 | D:8      | Found a blossoming altar of Fedhas.
  6352 | D:8      | Reached XP level 10. HP: 85/93 MP: 9/9
  6407 | D:8      | Found Opiwus's Assorted Antiques.
  6412 | D:8      | Bought a fizzy orange potion for 27 gold pieces
  6412 | D:8      | Bought a bubbling coppery potion for 27 gold pieces
  6412 | D:8      | Bought a pair of glowing boots for 232 gold pieces
  6634 | D:9      | Noticed Erica
  6691 | D:9      | Reached *** piety under Cheibriados
  6704 | D:9      | Killed Erica
  6705 | D:9      | Reached skill level 10 in Armour
  6710 | D:9      | Found an ancient bone altar of Kikubaaqudgha.
  6746 | D:9      | Found a white marble altar of Elyvilon.
  6821 | D:9      | Paralysed by a hornet for 3 turns
  7415 | D:9      | Found a glowing silver altar of Zin.
  7542 | D:9      | Reached skill level 10 in Maces & Flails
  7623 | D:9      | Reached **** piety under Cheibriados
  7759 | D:9      | Found a stormy altar of Qazlal.
  7967 | D:10     | Entered Level 10 of the Dungeon
  8062 | D:10     | Reached XP level 11. HP: 81/104 MP: 10/10
  8545 | D:10     | Found an opulent altar of Gozag.
  8747 | D:10     | Reached ***** piety under Cheibriados
  9001 | D:11     | Found a flagged portal.
  9013 | Bailey   | Entered a bailey
  9019 | Bailey   | Noticed an orc knight
  9109 | Bailey   | Killed an orc knight
  9541 | D:11     | Identified the amulet "Adogeafo" {Reflect rElec Dex-5
                  | Slay+6 SH+5 Stlth-}
  9581 | D:11     | Noticed a two-headed ogre
  9586 | D:11     | Killed a two-headed ogre
  9587 | D:11     | Reached skill level 1 in Invocations
  9774 | D:11     | Found a runed translucent door.
  9826 | D:11     | Noticed a death yak
  9828 | D:11     | Noticed a death yak
  9832 | D:11     | Noticed a death yak
  9837 | D:11     | Killed a death yak
  9838 | D:11     | Reached skill level 1 in Evocations
  9843 | D:11     | Killed a death yak
  9849 | D:11     | Killed a death yak
 10138 | D:11     | Found a staircase to the Lair.
 10301 | D:11     | Found a runed translucent door.
 10312 | D:11     | Reached XP level 12. HP: 115/115 MP: 12/12
 10360 | D:11     | Reached ****** piety under Cheibriados
 10602 | D:11     | Noticed a two-headed ogre
 10606 | D:11     | Killed a two-headed ogre
 10993 | D:11     | Noticed a death knight
 11269 | D:11     | Killed a death knight
 11652 | D:12     | Found a staircase to the Orcish Mines.
 11812 | D:12     | Noticed a two-headed ogre
 11813 | D:12     | Noticed a two-headed ogre
 11817 | D:12     | Killed a two-headed ogre
 11820 | D:12     | Killed a two-headed ogre
 11821 | D:12     | Reached skill level 5 in Invocations
 12518 | D:13     | Noticed a vault guard
 12529 | D:13     | Reached XP level 13. HP: 96/124 MP: 16/16
 13356 | D:13     | Paralysed by something for 5 turns
 13508 | D:13     | Found a gate to the Vaults.
 14007 | D:13     | Identified the ring "Udwet" {rCorr Dex+6 SInv}
 15271 | Lair:1   | Entered Level 1 of the Lair of Beasts
 15301 | Lair:1   | Reached skill level 15 in Fighting
 15727 | Lair:1   | Found a runed translucent door.
 16218 | Lair:1   | Reached skill level 5 in Shields
 16228 | Lair:1   | Reached XP level 14. HP: 135/135 MP: 18/18
 16241 | Lair:1   | Reached skill level 15 in Armour
 17090 | Lair:3   | Reached skill level 5 in Evocations
 17604 | Lair:3   | Found a staircase to the Snake Pit.
 18398 | Lair:4   | Noticed Rupert
 18416 | Lair:3   | Slain by Rupert

Illustrated notes

Levels and vault maps discovered:
D:1:      shiori_arrival_elements, layout_rooms, serial_shops,
          nicolae_shop_trees
D:2:      layout_loops_ring, serial_shops, nicolae_diamond_shop, serial_undead,
          serial_undead_d, serial_undead_d, serial_undead_a, serial_undead_c,
          serial_undead_f, serial_undead_d, serial_undead_e, serial_undead_c
D:3:      layout_basic, nicolae_wu_jian_immortal_techniques
D:4:      cheibrodos_greedy_goblins, layout_loops_ring,
          nicolae_ossuary_entry_false_entrances, uniq_natasha, uniq_menkaure,
          uniq_ijyb, uniq_duvessa, uniq_robin
D:5:      layout_rooms, kennysheep_mini, nicolae_ru_great_annihilating_truth,
          minmay_temple_entry_enclosed_plants, portal_sewer_entry_c,
          nicolae_shop_self_help
D:6:      layout_rooms, hellmonk_ghost_happy_afterlife, nicolae_wand_duel,
          minmay_lizard_king
D:7:      layout_basic, mainiacjoe_overflow_alcove_2
D:8:      layout_loops_cross, mainiacjoe_overflow_alcove_3, serial_shops, shop,
          nicolae_shop_temple_entry_statues_fountains, nicolae_shop_behind_doors
D:9:      layout_small_grid, lemuel_round_altar, amcnicky_altar_gilded,
          grunt_qazlal_clouds, overflow_temple_1_default, roderic_batcave,
          uniq_erica
D:10:     layout_loops_ring, grunt_gozag_breadcrumbs, special_room
          [special_room_bee]
D:11:     cheibrodos_histonic, layout_irregular_city, dpeg_lair_monsters,
          enter_bailey_2, kennysheep_generic_room_12
D:12:     layout_loops_ring, orc_0_dummy
D:13:     layout_irregular_city, grunt_vaults_entry_fortified,
          minmay_more_statues
D:14:     layout_rooms, serial_shops, nicolae_square_shop, minmay_checkerbox
Lair:1:   gammafunk_lair_enchanted_lake, layout_misc_corridors,
          minmay_hedge_maze
Lair:2:   layout_loops_ring, grunt_forest_large_clearings
Lair:3:   layout_regular_city, minmay_snake_entry_guardpost_medium,
          lemuel_fruit_tree
Lair:4:   layout_small_grid, minmay_shoals_entry_centaurs, serial_bayou_lake_a,
          uniq_rupert

Skill      XL: |  1  2  3  4  5  6  7  8  9 10 11 12 13 14 |
---------------+-------------------------------------------+-----
Fighting       | 4 5 6 7 8 10 11 13 14 15 | 15.8
Armour         | 4 5 6 8 9 11 12 13 14 15 | 15.6
Shields        | 4 5 7 |  7.0
Axes           | 3 |  3.3
Maces & Flails | 1 2 3 5 6 8 10 12 13 | 13.8
Dodging        | 1 2 3 4 5 6 7 8 9 |  9.9
Invocations    | 2 5 7 8 |  8.6
Evocations     | 1 3 4 5 |  5.3

Action                   |  1- 3 |  4- 6 |  7- 9 | 10-12 | 13-15 || total
-------------------------+-------+-------+-------+-------+-------++-------
Melee: War axe           |    62 |     5 |       |       |       ||    67
       Headbutt          |     7 |    29 |    47 |   138 |   158 ||   379
       Flail             |       |   121 |   218 |       |       ||   339
       Mace              |       |       |    67 |   406 |   454 ||   927
Invok: Bend Time         |       |       |       |     3 |       ||     3
Evoke: Wand              |       |       |       |       |     1 ||     1
  Use: Scroll            |     2 |     3 |    10 |    14 |     5 ||    34
       Potion            |       |     1 |       |       |     1 ||     2
 Stab: Paralysed         |       |       |     1 |       |       ||     1
       Distracted        |       |       |       |     1 |       ||     1
Armor: Scale mail        |    21 |       |       |       |       ||    21
       Chain mail        |    10 |    57 |    19 |       |       ||    86
       Ring mail         |       |       |    72 |    29 |       ||   101
       Storm dragon scal |       |       |       |   137 |   191 ||   328
Dodge: Dodged            |    34 |    51 |   153 |   233 |   284 ||   755
Block: Buckler           |    10 |    25 |   166 |   238 |   113 ||   552
       Reflection        |       |       |    11 |    35 |    28 ||    74
       Kite shield       |       |       |       |       |   281 ||   281

Table legend: (Time is in decaauts)
 A = Elapsed time spent in this place.
 B = Non-inter-level travel time spent in this place.
 C = Inter-level travel time spent in this place.
 D = Time resting spent in this place.
 E = Time spent auto-exploring this place.
 F = Levels seen in this place.
 G = Mean time per level.
                   A        B        C        D        E       F      G
               +--------+--------+--------+--------+--------+-----+--------+
         Total |  24641 |  23544 |   1097 |   1328 |  18389 |  20 | 1232.1 |
       Dungeon |  18340 |  17479 |    861 |    790 |  13831 |  14 | 1310.0 |
          Lair |   5253 |   5017 |    236 |    538 |   3879 |   4 | 1313.2 |
         Sewer |    258 |    258 |      0 |      0 |    150 |   1 |  258.0 |
        Bailey |    789 |    789 |      0 |      0 |    528 |   1 |  789.0 |
               +--------+--------+--------+--------+--------+-----+--------+

Top non-repeatable levels by time:
    D:13: 2929 daAuts
    D:11: 2602 daAuts
  Lair:1: 1876 daAuts
  Lair:3: 1835 daAuts
     D:9: 1722 daAuts
    D:12: 1616 daAuts
    D:10: 1527 daAuts
     D:4: 1496 daAuts
     D:8: 1436 daAuts
  Lair:2: 1337 daAuts
     D:5: 842 daAuts
     D:2: 792 daAuts
  Bailey: 789 daAuts
     D:3: 750 daAuts
    D:14: 718 daAuts
